 Dungeon Crawl Stone Soup version 0.29.1-2-gbd0b4ee654 (webtiles) character file.

Game seed: 6080714730574034920

30 KittyFluff the Trooper (level 3, -6/23 HPs)
             Began as a Gargoyle Berserker on Nov 27, 2022.
             Was a Follower of Trog.
             Mangled by Sigmund
             ... wielding a +0 scythe
              (8 damage)
             ... on level 2 of the Dungeon.
             The game lasted 00:04:49 (1512 turns).

KittyFluff the Trooper (Gargoyle Berserker)         Turns: 1512, Time: 00:04:50

Health: -6/23      AC:  5    Str: 20    XL:     3   Next: 18%
Magic:  3/3        EV: 12    Int:  7    God:    Trog [*.....]
Gold:   83         SH:  0    Dex: 11    Spells: 2/2 levels left

rFire   . . .      SeeInvis .   a - +0 mace
rCold   . . .      Faith    .   (no shield)
rNeg    + . .      Spirit   .   b - +0 animal skin
rPois   ∞          Reflect  .   (no helmet)
rElec   +          Harm     .   (no cloak)
rCorr   .          Rampage  .   (no gloves)
Will    .....                   (no boots)
Stlth   +.........              (no amulet)
HPRegen 0.07/turn               (no ring)
MPRegen 0.08/turn               (no ring)

@: on berserk cooldown, slowed, very slow
A: sickness immunity, AC +3, negative energy resistance 1, electricity
resistance, torment resistance 1, petrification resistance
a: Renounce Religion, Berserk


You were on level 2 of the Dungeon.
You worshipped Trog.
Trog was aware of your devotion.
You visited 1 branch of the dungeon, and saw 2 of its levels.

You collected 83 gold pieces.

Inventory:

Hand Weapons
 a - a +0 mace (weapon)
Missiles
 f - 8 stones (quivered)
Armour
 b - a +0 animal skin (worn)
Magical Staves
 h - a staff of conjuration
Scrolls
 c - a scroll of poison {unknown}
 d - a scroll of butterflies {unknown}
 e - a scroll of noise {unknown}
 g - a scroll of teleportation {unknown}
 i - a scroll of identify {unknown}


   Skills:
 + Level 3.6 Fighting
 + Level 3.5 Maces & Flails
 + Level 0.1 Throwing
 * Level 2.5 Armour
 + Level 1.8 Dodging


You had 2 spell levels left.
You didn't know any spells.
Your spell library was empty.

Dungeon Overview and Level Annotations

Branches:
Dungeon (2/15)

Altars:
Nemelex Xobeh

Shops:
D:1 (

Annotations:
D:2 Sigmund


Innate Abilities, Weirdness & Mutations

You are immune to sickness and miasma.
Your stone body is resilient. (AC +3)
You are immune to poison.
You resist negative energy. (rN+)
You are resistant to electric shocks. (rElec)
You are resistant to unholy torment.
You are immune to petrification.


Message History

You throw a stone. The stone barely misses Sigmund.
A red film seems to cover your vision as you go berserk!
You feel yourself moving faster!
You feel mighty! Sigmund closely misses you.
A dart slug comes into view.
You feel a strong urge to attack something.
You hit Sigmund.
Sigmund is moderately wounded.
Sigmund gestures wildly while chanting.
Sigmund flickers and vanishes!
Deactivating autopickup; reactivate with Ctrl-A.
You hit something but do no damage.
You hear some strange, mumbled words.
You are confused.
You bump into the rock wall.
Something hits you!
You miss something.
You bump into the rock wall.
You hit something.
You hear some strange, mumbled words.
Something tries to affect you, but you resist.
The dart slug launches a dart at you.
The slug dart hits something.
You bump into the rock wall.
You hear some strange, mumbled words.
A magic dart appears from out of thin air!
The magic dart hits you.
You hit something.
You are no longer berserk.
You are exhausted.
You feel yourself slow down. Something hits you!
You aren't carrying any potions.
You are too confused!
You're too confused to move!
You hear some strange, mumbled words.
A magic dart appears from out of thin air!
The magic dart hits you.
* * * LOW HITPOINT WARNING * * *
You miss something.
You feel less confused. Something hits you!
You die...

#########
.)......# #.# #@#
#####{# ###....w#
.....#..#
........#########
.._..#..........#
.....#..#######.#
.... #..# #.#
###. #..# #.#


You could see a dart slug.

Vanquished Creatures
  A dart slug (D:1)
  2 ball pythons (D:1)
  2 endoplasms (D:1)
  3 goblins
  4 hobgoblins (D:1)
  4 jackals (D:1)
  3 bats (D:1)
  A frilled lizard (D:1)
  3 kobolds (D:1)
  2 rats
25 creatures vanquished.

Vanquished Creatures (others)
  5 toadstools (D:1)
5 creatures vanquished.

Grand Total: 30 creatures vanquished

Notes
Turn   | Place    | Note
-------+----------+-------------------------------------------
     0 | D:1      | KittyFluff the Gargoyle Berserker began the quest for the
                  | Orb.
     0 | D:1      | Reached XP level 1. HP: 14/14 MP: 1/1
    69 | D:1      | Reached XP level 2. HP: 5/19 MP: 2/2
   621 | D:1      | Found Tiretox's Antique Weapon Shop.
  1286 | D:1      | Reached XP level 3. HP: 23/23 MP: 3/3
  1491 | D:2      | Found a sparkling altar of Nemelex Xobeh.
  1494 | D:2      | Noticed Sigmund
  1511 | D:2      | HP: 1/23 [something/magic dart (6)]
  1512 | D:2      | Mangled by Sigmund

Illustrated notes

Levels and vault maps discovered:
D:1:      ldierk_walled_garden, layout_basic, serial_shops, shop_fountains,
          st_stairs_3, feat_on_display
D:2:      layout_loops_ring, basic_altar,
          hellmonk_ecumenical_altar_leap_of_faith, minmay_lizard_pond,
          uniq_terence, uniq_sigmund

Action                   || total
-------------------------++-------
Melee: Mace              ||    94
       Punch             ||     2
Throw: Stone             ||    14
Invok: Berserk           ||     2
 Stab: Sleeping          ||     2
Armor: Animal skin       ||    40
Dodge: Dodged            ||    62
